 Dungeon Crawl Stone Soup version 0.23-a0-844-gdc03e01 (console) character file.

133 bli the Cutter (level 4, 0/23 HPs)
             Began as a Spriggan Skald on Jan 26, 2019.
             Succumbed to an adder's poison
             ... on level 3 of the Dungeon.
             The game lasted 00:07:58 (2379 turns).

bli the Cutter (Spriggan Skald)                     Turns: 2379, Time: 00:07:59

Health: 0/23       AC:  2    Str:  7    XL:     4   Next: 93%
Magic:  1/9        EV: 20    Int: 14    God:
Gold:   93         SH:  0    Dex: 16    Spells: 6/9 levels left

rFire    . . .     SeeInvis +   a - +0 short sword
rCold    . . .     Gourm    .   (shield restricted)
rNeg     . . .     Faith    .   b - +0 robe
rPois    .         Spirit   .   (helmet restricted)
rElec    .         Reflect  .   (no cloak)
rCorr    .         Harm     .   (gloves unavailable)
MR       .....                  (boots unavailable)
Stlth    ++........             (no amulet)
HPRegen  0.07/turn              (no ring)
MPRegen  0.11/turn              (no ring)

@: lethally poisoned (0 -> -8), very quick
A: very small, unfitting armour, see invisible, herbivore, speed 3, slow
metabolism 2
a: no special abilities


You were on level 3 of the Dungeon.
You were not hungry.

You visited 1 branch of the dungeon, and saw 3 of its levels.

You collected 93 gold pieces.

Inventory:

Hand Weapons
 a - a +0 short sword (weapon)
Missiles
 c - 2 sling bullets
 g - 42 arrows
 i - 63 stones (quivered)
Armour
 b - a +0 robe (worn)
Scrolls
 f - 2 scrolls of amnesia {unknown}
 h - 3 scrolls of remove curse {unknown}
 k - a scroll of magic mapping {unknown}
 l - 2 scrolls of identify {unknown}
 n - 3 scrolls of teleportation {unknown}
 o - a scroll of noise {unknown}
 q - a scroll of random uselessness {unknown}
 r - a scroll of enchant weapon {unknown}
Potions
 e - a potion of ambrosia {unknown}
 j - 2 potions of resistance {unknown}
 m - a potion of agility {unknown}
 p - a potion of experience {unknown}
 s - a potion of heal wounds {unknown}
 t - a potion of mutation {unknown}
Comestibles
 d - 4 rations


   Skills:
 + Level 1.6 Fighting
 * Level 4.7 Short Blades
 + Level 4.6 Dodging
 + Level 1.6 Stealth
 - Level 3.0 Spellcasting
 + Level 4.4 Charms


You had 6 spell levels left.
You knew the following spells:

 Your Spells              Type           Power        Failure   Level  Hunger
a - Infusion              Chrm           ##..         3%          1    #......
S - Shroud of Golubria    Chrm/Tloc      #.........   13%         2    ##.....

Your spell library contained the following spells:

 Spells                   Type           Power        Failure   Level  Hunger
 Song of Slaying          Chrm           ##......     5%          2    ##.....
 Regeneration             Chrm/Necr      #.........   26%         3    ###....
 Spectral Weapon          Hex/Chrm       #.......     26%         3    ###....


Dungeon Overview and Level Annotations

Branches:
Dungeon (3/15)

Altars:
Ashenzari
Dithmenos
Gozag
Okawaru
Vehumet


Innate Abilities, Weirdness & Mutations

You are very small and have problems with some larger weapons.
You are too small for most types of armour.
You have supernaturally acute eyesight. (SInv)
You are a herbivore.
You cover ground extremely quickly.
You need to consume almost no food.


Message History

The adder is moderately wounded.
You feel sick. The adder barely misses you.
You closely miss the adder.
The adder is moderately wounded.
The adder bites you.
* * * LOW HITPOINT WARNING * * *
The adder misses you.
You hit the adder but do no damage.
The adder is moderately wounded.
The adder bites you.
* * * LOW HITPOINT WARNING * * *
You are more poisoned.
The adder poisons you!
You closely miss the adder.
The adder is moderately wounded.
* * * LOW HITPOINT WARNING * * *
You feel sick. The adder completely misses you.
You hit the adder.
The adder is severely wounded.
You die...

#######..#.#.# #.#
...........#># #.#
#######..###.# #.#
#....###.#######.######## #
#.##.##(..S.S...........# .#
##.##..#(########.######.##.##
.............# #).####.......
###.#......#.# ##.S...g......
#..........# #.####..##.##
#..#....#..######.##..†......
#.........gS@.....##.##S#.##.
#....#..#...######.##. #.#.##.
#...........# #.#.. #..g...
.#...##....# #.#.. #.#.#.#
#.........# ........#....
....#..#.... #....##.#.#.#
...........## .#.#. #...#..
#....#..# .## #.#.. : ..#.# #.
..


You could see an adder and a goblin.

Vanquished Creatures
  5 adders
  An ooze (D:1)
  4 worms (D:2)
  4 dart slugs
  2 leopard geckos (D:2)
  3 giant cockroaches
  7 goblins
  6 hobgoblins
  3 jackals (D:3)
  8 kobolds
  A quokka (D:3)
  9 bats
  5 frilled lizards
  6 rats
64 creatures vanquished.

Vanquished Creatures (others)
  A bat (D:1)
1 creature vanquished.

Grand Total: 65 creatures vanquished

Notes
Turn   | Place    | Note
-------+----------+-------------------------------------------
     0 | D:1      | bli the Spriggan Skald began the quest for the Orb.
     0 | D:1      | Reached XP level 1. HP: 10/10 MP: 5/5
   440 | D:1      | Reached XP level 2. HP: 14/14 MP: 6/6
  1047 | D:1      | Reached XP level 3. HP: 13/18 MP: 8/8
  1257 | D:2      | Reached skill level 1 in Stealth
  1348 | D:2      | Learned a level 2 spell: Shroud of Golubria
  1440 | D:2      | Reached XP level 4. HP: 11/22 MP: 0/9
  1583 | D:2      | Found a radiant altar of Vehumet.
  1706 | D:2      | Found an opulent altar of Gozag.
  1710 | D:2      | Found an iron altar of Okawaru.
  1713 | D:2      | Found a shattered altar of Ashenzari.
  1724 | D:2      | Found a shadowy altar of Dithmenos.
  2378 | D:3      | HP: 1/23 [poisoned by an adder]
  2379 | D:3      | Succumbed to an adder's poison

Vault maps used:
D:1:      saegor_arrival_simple_b, feat_on_display
D:2:      minitemple, nicolae_overflow_hidden_temple
D:3:      led_sif_book, minmay_misc_feat_more_columns, minmay_diced_spiral

Skill      XL: |  1  2  3  4 |
---------------+-------------+-----
Short Blades   | 3 4 |  4.7
Dodging        | 4 |  4.6
Stealth        | 1 |  1.6
Spellcasting   | 3 |  3.0
Fighting       | |  1.6
Charms         | |  4.4

Action                   |  1- 3 |  4- 6 || total
-------------------------+-------+-------++-------
Melee: Short sword       |   126 |   111 ||   237
Throw: Stone             |       |     4 ||     4
 Cast: Infusion          |     9 |     8 ||    17
 Stab: Sleeping          |     3 |     2 ||     5
Armor: Robe              |     9 |     9 ||    18
Dodge: Dodged            |    90 |    72 ||   162

Table legend:
 A = Non-vault XP
 B = Vault XP
 C = Vault XP percentage of total XP
 D = Non-vault monster count
 E = Vault monster count
 F = Vault count percentage of total count
                 A         B        C        D         E       F
            +---------+---------+-------+---------+---------+-------
      Total |     172 |      18 |   9.5 |      60 |       4 |   6.2
            +---------+---------+-------+---------+---------+-------
        D:1 |      46 |       0 |   0.0 |      23 |       0 |   0.0
        D:2 |      93 |       0 |   0.0 |      25 |       0 |   0.0
        D:3 |      33 |      18 |  35.3 |      12 |       4 |  25.0
            +---------+---------+-------+---------+---------+-------
